 Dungeon Crawl Stone Soup version 0.31-a0-214-gb37851dbb3 (webtiles) character file.

Game seed: 5488559186850742621

166599 experimilk the Devastator (level 17, 0/137 HPs)
             Began as a Red Draconian Conjurer on June 23, 2023.
             Was a High Priest of Vehumet.
             Slain by a ghost moth (4 damage)
             ... on level 1 of the Spider Nest on July 2, 2023.
             The game lasted 02:45:44 (52894 turns).

experimilk the Devastator (Red Draconian Conjurer) Turns: 52894, Time: 02:45:44

Health: 0/137      AC: 15    Str: 11 (14) XL:     17   Next: 30%
Magic:  0/34       EV: 13    Int: 25 (26) God:    Vehumet [*****.]
Gold:   1078       SH:  0    Dex:  6 (13) Spells: 0/42 levels left

rFire   + + .        b - +5 trident of the Summoning Gods {flame, rElec Dex+4}
rCold   . . .        (no shield)
rNeg    . . .        (body armour unavailable)
rPois   +            (helmet restricted)
rElec   +            q - +2 cloak {rCorr}
rCorr   +            d - +0 pair of gloves
SInv    +            c - +1 pair of boots
Will    +....        (no amulet) Stlth
                     p - ring of see invisible
HPRegen 0.42/turn    r - ring of Moral Flaws {rPois rF+ Str+3 Stlth-}
MPRegen 0.24/turn

%: no passive effects
@: mighty
A: breathe fire, AC +9, unfitting armour, fire resistance 1, cold-blooded
a: Breathe Fire, Renounce Religion


You were on level 1 of the Spider Nest.
You worshipped Vehumet.
Vehumet was extremely pleased with you.
You visited 5 branches of the dungeon, and saw 24 of its levels.

You collected 2299 gold pieces.
You spent 1221 gold pieces at shops.

Inventory:

Hand Weapons
 b - the +5 trident of the Summoning Gods (weapon) {flame, rElec Dex+4}
   (You found it on level 13 of the Dungeon)

   Dex:       It affects your dexterity (+4).
   rElec:     It insulates you from electricity.
 h - the +6 spear of the Twelve Knives {flame, rPois}
   (You found it on level 8 of the Dungeon)

   rPois:     It protects you from poison.
 O - the +7 quarterstaff of the Toadstool {drain, rElec rN+}
   (You found it on level 11 of the Dungeon)

   rElec:     It insulates you from electricity.
   rN:        It protects you from negative energy.
Armour
 c - a +1 pair of boots (worn)
 d - a +0 pair of gloves (worn)
 q - a +2 cloak of preservation (worn)
 Z - a +0 pair of gloves
Magical Staves
 a - a staff of fire
Jewellery
 p - a ring of see invisible (left hand)
 r - the ring of Moral Flaws (right hand) {rPois rF+ Str+3 Stlth-}
   (You bought it in a shop on level 2 of the Orcish Mines)

   [ring of poison resistance]

   Str:       It affects your strength (+3).
   rF:        It protects you from fire.
   rPois:     It protects you from poison.
   Stlth:     It makes you less stealthy.
 u - a ring of poison resistance
 E - a ring of resist corrosion
 H - a ring of flight
 J - a ring of willpower
 N - a ring of fire
 R - a +4 ring of slaying
Wands
 g - a wand of iceblast (6)
 t - a wand of flame (38)
 I - a wand of quicksilver (8)
 L - a wand of charming (8)
 M - a wand of mindburst (24)
 S - a wand of polymorph (5)
 T - a wand of digging (6)
Scrolls
 e - 2 scrolls of enchant weapon
 k - 2 scrolls of torment
 o - 4 scrolls of teleportation
 v - a scroll of summoning
 w - 2 scrolls of silence
 y - 2 scrolls of vulnerability
 z - 2 scrolls of identify
 A - 5 scrolls of revelation
 D - a scroll of brand weapon
 K - 4 scrolls of fog
 P - 3 scrolls of poison
 X - a scroll of blinking
Potions
 f - 7 potions of curing
 i - 3 potions of haste
 j - 5 potions of lignification
 l - 3 potions of enlightenment
 m - a potion of heal wounds
 s - 2 potions of magic
 x - 2 potions of might
 B - 3 potions of brilliance
 F - 4 potions of cancellation
 G - a potion of ambrosia
 Q - 2 potions of berserk rage
 V - 3 potions of resistance
 W - a potion of invisibility
 Y - a potion of mutation
Miscellaneous
 C - a phantom mirror
 U - a sack of spiders (inert)


   Skills:
 - Level 9.0 Fighting
 - Level 1.8(4.1) Maces & Flails
 - Level 3.1(5.0) Polearms
 - Level 5.9(6.4) Staves
 - Level 9.0 Dodging
 - Level 1.7 Stealth
 - Level 13.0 Spellcasting
 + Level 17.2 Conjurations
 * Level 4.0 Summonings
 - Level 6.0 Translocations
 - Level 17.0 Fire Magic
 - Level 6.0 Evocations


You couldn't memorise any spells.
You knew the following spells:

 Your Spells              Type           Power      Damage    Failure   Level
a - Foxfire               Conj/Fire      100%       2x1d9     0%          1
b - Volatile Blastmotes   Fire/Tloc      100%       2d18      1%          3
c - Flame Wave            Conj/Fire      80%        2d17      1%          4
d - Orb of Destruction    Conj           40%        9d11      1%          7
e - Magic Dart            Conj           100%       1d8       0%          1
f - Passage of Golubria   Tloc           46%        N/A       3%          4
i - Inner Flame           Hex/Fire       56%        N/A       1%          3
q - Call Canine Familiar  Summ           36%        N/A       1%          3
s - Sticky Flame          Conj/Fire      80%        2d9       1%          4
v - Starburst             Conj/Fire      40%        6d11      1%          6
x - Iskenderun's Mystic   Conj/Tloc      65%        2d13      1%          4
z - Scorch                Fire           100%       2d9       0%          2

Your spell library contained the following spells:

 Spells                   Type           Power      Damage    Failure   Level
 Plasma Beam              Fire/Air       28%        2x1d40    4%          6
 Searing Ray              Conj           100%       2d8       0%          2
 Apportation              Tloc           92%        N/A       1%          1
 Freeze                   Ice            64%        1d7       1%          1
 Sandblast                Erth           32%        2d9       1%          1
 Shock                    Conj/Air       100%       1d9       1%          1
 Summon Small Mammal      Summ           100%       N/A       1%          1
 Poisonous Vapours        Pois/Air       32%        N/A       1%          2
 Dazzling Flash           Conj/Hex       100%       N/A       1%          3
 Hailstorm                Conj/Ice       56%        3d12      1%          3
 Stone Arrow              Conj/Erth      100%       3d13      1%          3
 Fulminant Prism          Conj/Hex       28%        3d14      1%          4
 Irradiate                Conj/Tmut      28%        3d21      1%          5
 Necrotise                Necr           64%        1d7       3%          1
 Sting                    Tmut/Pois      64%        1d6       3%          1
 Frozen Ramparts          Ice            32%        1d5       3%          3
 Portal Projectile        Hex/Tloc       62%        N/A       3%          3
 Summon Guardian Golem    Hex/Summ       26%        N/A       4%          3
 Ensorcelled Hibernation  Hex/Ice        32%        N/A       5%          2
 Passwall                 Tmut/Erth      13%        N/A       5%          2
 Sublimation of Blood     Necr           16%        N/A       5%          2
 Airstrike                Air            8%         2d(2-18)  10%         4
 Olgreb's Toxic Radiance  Pois           16%        N/A       10%         4
 Swiftness                Air            16%        N/A       11%         3
 Spellforged Servitor     Conj/Summ      31%        N/A       11%         7
 Summon Forest            Summ/Tloc      20%        N/A       13%         5
 Summon Ice Beast         Ice/Summ       26%        N/A       16%         4
 Animate Dead             Necr           16%        N/A       34%         4
 Ice Form                 Ice/Tmut       16%        N/A       34%         4
 Leda's Liquefaction      Hex/Erth       8%         N/A       34%         4
 Petrify                  Tmut/Erth      16%        N/A       34%         4
 Silence                  Hex/Air        8%         N/A       69%         5
 Summon Cactus Giant      Summ           18%        N/A       71%         6
 Eringya's Noxious Bog    Tmut/Pois      8%         N/A       77%         6
 Lehudib's Crystal Spear  Conj/Erth      28%        10d7      83%         8
 Summon Hydra             Summ           18%        N/A       99%         7
 Haunt                    Necr/Summ      13%        N/A       100%        7
 Storm Form               Tmut/Air       8%         N/A       100%        7
 Infestation              Necr           8%         N/A       100%        8
 Necromutation            Tmut/Necr      8%         N/A       100%        8


Dungeon Overview and Level Annotations

Branches:
Dungeon (15/15)            Temple (1/1) D:6            Lair (5/5) D:10
  Swamp (0/4) Lair:3       Spider (1/4) Lair:2        Slime (0/5) Lair:4
    Orc (2/2) D:11            Elf (0/3) Orc:2        Vaults (0/5) D:13
 Depths (0/4) D:15

Altars:
Ashenzari
Cheibriados
Dithmenos
Elyvilon
Fedhas
Gozag
Hepliaklqana
Kikubaaqudgha
Nemelex Xobeh
Okawaru
Qazlal
Ru
Sif Muna
Uskayaw
Vehumet
Wu Jian
Xom
Yredelemnul
Zin
Jiyva
Lugonu

Shops:
D:3 *   D:8 ?   Orc:1 [   Orc:2 ([*=

Portals:
Abyss: Lair:5

Annotations:
Lair:4 1 runed translucent door


Innate Abilities, Weirdness & Mutations

You can breathe blasts of fire.
Your fiery red scales are hard. (AC +9)
You cannot fit into any form of body armour.
Your flesh is heat resistant. (rF+)
You are cold-blooded and may be slowed by cold attacks.


Message History

* * * LOW HITPOINT WARNING * * *
The ghost moth stares at you.
The ghost moth hits you but does no damage. x2
The ghost moth stings you!
* * * LOW HITPOINT WARNING * * *
You feel much better. The ghost moth stares at you.
The ghost moth completely misses you. The ghost moth hits you.
* * * LOW HITPOINT WARNING * * *
The ghost moth stings you but does no damage.
You feel much better. The ghost moth stares at you.
You feel your power leaking away. The ghost moth hits you.
* * * LOW HITPOINT WARNING * * *
You feel dopey. The ghost moth hits you!
* * * LOW HITPOINT WARNING * * *
The ghost moth stings you!
* * * LOW HITPOINT WARNING * * *
You feel clumsy.
Read: 2 scrolls of fear
Press: ? - help, Q - select action, (/) - cycle Dir - look around, f - activate Look: a ghost moth (heavily wounded, slightly transparent, chance to affect: 47%)
As you read the scroll of fear, it crumbles to dust.
You assume a fearsome visage.
The ghost moth resists with some effort.
The ghost moth stares at you.
The ghost moth closely misses you. x2; The ghost moth stings you!
* * * LOW HITPOINT WARNING * * *
Unknown command.
Read: scroll of fear
Press: ? - help, Q - select action, (/) - cycle Dir - look around, f - activate Look: a ghost moth (heavily wounded, slightly transparent, chance to affect: 47%)
As you read the scroll of fear, it crumbles to dust.
You assume a fearsome visage.
The ghost moth resists with almost no effort.
The ghost moth hits you but does no damage.
The ghost moth hits you.
You die...

##.#....##..#.
#..#...##^.##.
#....###......
#####^...###.....
###.#.#...##^(..###
##.#..........).)...
#..#.............)..
#........###...#.#..
#.y@...#.^.#.#.#####
#.....†#####...#####
# .......). ....# #
......##.# .....# #
..##.. ## #..## # .
#... ## #.. #. ...
## #.


You could see a ghost moth (invisible).

Vanquished Creatures
  Rupert (D:14)
  A sphinx (D:15)
  An orc warlord (Orc:2)
  A fire dragon (D:15)
  A yaktaur captain (D:15)
  Snorg (D:14)
  4 vault guards (D:13)
  Erolcha (Orc:1)
  A great orb of eyes (D:15)
  A ghost crab (Lair:3)
  An ogre mage (D:14)
  11 hydras
  A jorogumo (Spider:1)
  A death knight (D:15)
  8 centaur warriors
  10 two-headed ogres
  10 boulder beetles
  2 thrashing horrors (Lair:5)
  5 tengu warriors
  8 death yaks (Lair:4)
  7 demonic crawlers
  Urug (Lair:4)
  3 orc high priests (Orc:2)
  A skyshark (Lair:4)
  A skeletal warrior (D:13)
  A deep elf knight (D:15)
  A fire crab (D:10)
  A skyshark (shapeshifter) (D:15)
  A spectral death yak (Lair:3)
  A goliath frog (shapeshifter) (Lair:5)
  2 pharaoh ants
  A glowing orange brain (D:12)
  A flayed ghost (D:15)
  An orb spider (Spider:1)
  7 orc knights
  A lindwurm (shapeshifter) (Lair:5)
  2 large abominations (Lair:5)
  A steelbarb worm (Spider:1)
  8 deep elf pyromancers
  A manticore (shapeshifter) (D:14)
  14 ugly things
  2 wolf spiders
  9 cyclopes
  4 orc sorcerers (Orc:2)
  13 manticores
  Maurice (D:11)
  Joseph (D:10)
  A torpor snail (Spider:1)
  4 black mambas
  18 cane toads
  3 gargoyles
  2 unseen horrors
  3 yaktaurs
  2 freezing wraiths (D:15)
  Psyche (D:8)
  2 efreet (D:14)
  8 komodo dragons
  A komodo dragon (shapeshifter) (D:15)
  An ancient zyme (Lair:5)
  6 trolls
  8 meliai
  A polar bear (Lair:5)
  3 tarantellas
  2 hornets
  4 dream sheep (Lair:5)
  23 blink frogs
  A hornet (shapeshifter) (D:15)
  10 slime creatures
  5 jumping spiders
  A slime creature (shapeshifter) (D:14)
  2 culicivoras (Spider:1)
  A spriggan (shapeshifter) (Lair:5)
  2 spriggans
  A jumping spider (shapeshifter) (D:15)
  A vampire (D:12)
  6 wraiths
  6 basilisks
  46 yaks
  A basilisk (shapeshifter) (D:15)
  4 steam dragons
  4 ynoxinuls (Lair:5)
  A chaos spawn (Lair:5)
  3 wyverns
  10 redbacks
  A harpy simulacrum (D:15)
  8 vampire mosquitoes
  Edmund (D:6)
  4 acid dragons
  4 wargs
  11 water moccasins
  A floating eye (D:12)
  Duvessa (D:6)
  A meliai simulacrum (D:15)
  33 orc warriors
  3 black bears
  3 sky beasts
  A spectral blink frog (Lair:3)
  An ice beast (D:8)
  A black bear (shapeshifter) (D:15)
  8 ogres
  12 small abominations
  9 wolves
  6 centaurs
  2 gnoll sergeants (D:8)
  A phantom (D:5)
  2 kobold brigands
  Blork the orc (D:6)
  17 bullfrogs
  6 scorpions
  3 wights (D:8)
  Dowan (D:6)
  9 killer bees (D:9)
  An electric eel (Lair:2)
  2 howler monkeys
  A vampire bat (Lair:5)
  9 hounds
  A jelly (D:8)
  30 orc priests
  Crazy Yiuf (D:2)
  A gnoll bouda (D:8)
  An iguana (D:5)
  Ijyb (D:4)
  Terence (D:2)
  27 orc wizards
  2 sleepcaps
  Robin (D:2)
  7 adders
  2 shadow imps (D:8)
  2 white imps
  5 worms
  3 dart slugs
  89 orcs
  18 bats
  11 endoplasms
  3 giant cockroaches
  14 goblins
  10 hobgoblins
  7 quokkas
  9 ball pythons
  3 frilled lizards
  18 kobolds
  3 rats
789 creatures vanquished.

Vanquished Creatures (collateral kills)
  A centaur warrior (D:15)
  A death yak (Lair:4)
  10 foxfires
12 creatures vanquished.

Vanquished Creatures (others)
  A sky beast (D:8)
  669 foxfires
  18 fulminant prisms
688 creatures vanquished.

Grand Total: 1489 creatures vanquished

Notes
Turn   | Place    | Note
-------+----------+-------------------------------------------
     0 | D:1      | experimilk the Draconian Conjurer began the quest for the
                  | Orb.
     0 | D:1      | Reached XP level 1. HP: 14/14 MP: 3/3
   391 | D:1      | Reached XP level 2. HP: 20/20 MP: 3/5
   394 | D:1      | Learned a level 2 spell: Searing Ray
  1740 | D:1      | Reached XP level 3. HP: 26/26 MP: 0/6
  2239 | D:2      | Noticed Terence
  2528 | D:2      | Noticed Robin
  2817 | D:2      | Found an ancient bone altar of Kikubaaqudgha.
  2841 | D:2      | Reached skill level 5 in Conjurations
  3076 | D:1      | Reached XP level 4. HP: 29/33 MP: 0/8
  3471 | D:2      | Killed Robin
  4174 | D:2      | Found a faded altar of an unknown god.
  4481 | D:2      | Found a runed translucent door.
  4482 | D:2      | Noticed Crazy Yiuf
  4912 | D:3      | Learned a level 4 spell: Fulminant Prism
  5776 | D:3      | Found Ajases's Assorted Antiques.
  6012 | D:3      | Found a shadowy altar of Dithmenos.
  6020 | D:3      | Found a glowing silver altar of Zin.
  6095 | D:2      | Killed Crazy Yiuf
  6096 | D:2      | Reached XP level 5. HP: 6/38 MP: 0/9
  6423 | D:2      | Killed Terence
  7136 | D:4      | Reached XP level 6. HP: 45/45 MP: 2/10
  7322 | D:4      | Noticed Ijyb
  7325 | D:4      | Killed Ijyb
  8109 | D:5      | Entered Level 5 of the Dungeon
  8240 | D:5      | Found an ornate altar of the Wu Jian Council.
  8269 | D:5      | Your scales start taking on a fiery red colour.
  8269 | D:5      | Reached XP level 7. HP: 50/50 MP: 3/11
  8269 | D:5      | Gained mutation: Your flesh is heat resistant. (rF+) [Red
                  | Draconian growth]
  8507 | D:5      | Upgraded the game from 0.31-a0-188-g5e087ee2ca to
                  | 0.31-a0-198-g2ad674f65e
  8992 | D:5      | Learned a level 4 spell: Iskenderun's Mystic Blast
  9496 | D:6      | Reached XP level 8. HP: 48/57 MP: 1/14
  9696 | D:6      | Reached skill level 10 in Conjurations
 10017 | D:6      | Noticed Blork the orc
 10021 | D:6      | Killed Blork the orc
 10070 | D:6      | Found a hide-covered altar of Uskayaw.
 10279 | D:6      | Learned a level 4 spell: Flame Wave
 10281 | D:6      | Found a staircase to the Ecumenical Temple.
 10309 | Temple   | Entered the Ecumenical Temple
 10419 | Temple   | Became a worshipper of Vehumet
 10626 | D:6      | Noticed Edmund
 10636 | D:6      | Killed Edmund
 10637 | D:6      | Reached skill level 1 in Fire Magic
 10990 | D:6      | Noticed Duvessa
 10990 | D:6      | Noticed Dowan
 10994 | D:6      | Killed Duvessa
 10995 | D:6      | Reached skill level 5 in Spellcasting
 10995 | D:6      | Killed Dowan
 11318 | D:7      | Learned a level 2 spell: Scorch
 11340 | D:7      | Reached XP level 9. HP: 57/62 MP: 2/16
 12175 | D:7      | Found a stormy altar of Qazlal.
 12662 | D:8      | Noticed an unseen horror
 12680 | D:8      | Reached skill level 5 in Fire Magic
 12681 | D:8      | Killed an unseen horror
 12685 | D:8      | Identified the +6 spear of the Twelve Knives {flame, rPois}
 13979 | D:8      | Identified the +6 war axe "Oberan" {freeze, rC+ Str+2}
 14003 | D:8      | Reached * piety under Vehumet
 14003 | D:8      | Offered knowledge of Kiss of Death by Vehumet.
 14620 | D:8      | Noticed Psyche
 14629 | D:8      | Killed Psyche
 14630 | D:8      | Reached XP level 10. HP: 66/69 MP: 10/20
 14947 | D:8      | Found Womaiwij's Magic Scroll Emporium.
 14952 | D:8      | Bought a scroll of teleportation for 39 gold pieces
 14952 | D:8      | Bought a scroll of identify for 26 gold pieces
 14952 | D:8      | Bought a scroll of identify for 26 gold pieces
 14952 | D:8      | Bought a scroll of identify for 26 gold pieces
 14952 | D:8      | Bought a scroll of revelation for 97 gold pieces
 14952 | D:8      | Bought a scroll of summoning for 123 gold pieces
 15361 | D:9      | Upgraded the game from 0.31-a0-198-g2ad674f65e to
                  | 0.31-a0-210-gccc998df9b
 16383 | D:9      | Found a snail-covered altar of Cheibriados.
 16915 | D:9      | Reached ** piety under Vehumet
 16915 | D:9      | Offered knowledge of Foxfire by Vehumet.
 16918 | D:9      | Learned a level 1 spell: Foxfire
 17301 | D:10     | Entered Level 10 of the Dungeon
 17349 | D:10     | Noticed Joseph
 17704 | D:10     | Killed Joseph
 17930 | D:10     | Found a sacrificial altar of Ru.
 18000 | D:10     | Noticed a fire crab
 18158 | D:10     | Found a shimmering altar of Xom.
 18158 | D:10     | Noticed a two-headed ogre
 18164 | D:10     | Killed a two-headed ogre
 18251 | D:10     | Reached skill level 10 in Fire Magic
 18527 | D:10     | Reached XP level 11. HP: 70/74 MP: 17/24
 18580 | D:10     | You fall into a shaft and drop 3 floors!
 18595 | D:13     | Identified the +5 trident of the Summoning Gods {flame,
                  | rElec Dex+4}
 18618 | D:12     | Noticed a red ugly thing
 18633 | D:12     | Killed a red ugly thing
 19034 | D:12     | Noticed a two-headed ogre
 19044 | D:12     | Killed a two-headed ogre
 19405 | D:11     | Offered knowledge of Inner Flame by Vehumet.
 19416 | D:11     | Noticed a two-headed ogre
 19682 | D:9      | Learned a level 3 spell: Inner Flame
 20237 | D:11     | Noticed Maurice
 20245 | D:11     | Killed Maurice
 20594 | D:10     | Found an iron altar of Okawaru.
 20612 | D:11     | Killed a two-headed ogre
 20614 | D:11     | Noticed a two-headed ogre
 20620 | D:11     | Killed a two-headed ogre
 21029 | D:11     | Found a staircase to the Orcish Mines.
 21101 | D:11     | Reached *** piety under Vehumet
 21469 | D:11     | Identified the +7 quarterstaff of the Toadstool {drain,
                  | rElec rN+}
 21776 | D:11     | Found the +12 pair of quick blades "Gyre" and "Gimble"
                  | {protect}
 22017 | D:10     | Killed a fire crab
 22242 | D:10     | Found a staircase to the Lair.
 22348 | Lair:1   | Entered Level 1 of the Lair of Beasts
 22956 | D:3      | Bought a potion of berserk rage for 130 gold pieces
 22956 | D:3      | Bought a scroll labelled AKKYUN MY HAI for 26 gold pieces
 23434 | Lair:1   | Offered knowledge of Mephitic Cloud by Vehumet.
 23544 | Lair:1   | Reached XP level 12. HP: 77/81 MP: 15/25
 23774 | Lair:1   | Reached skill level 15 in Conjurations
 24108 | Lair:1   | Reached skill level 1 in Staves
 24279 | Lair:1   | Upgraded the game from 0.31-a0-210-gccc998df9b to
                  | 0.31-a0-214-gb37851dbb3
 25090 | Lair:2   | Reached skill level 1 in Fighting
 25095 | Lair:2   | Found a hole to the Spider Nest.
 25099 | Lair:2   | Reached **** piety under Vehumet
 25156 | Lair:2   | Reached skill level 1 in Polearms
 26532 | Lair:3   | Offered knowledge of Volatile Blastmotes by Vehumet.
 26702 | Lair:3   | Learned a level 3 spell: Volatile Blastmotes
 26757 | Lair:3   | Noticed a ghost crab
 26774 | Lair:3   | Killed a ghost crab
 26775 | Lair:3   | Reached skill level 5 in Fighting
 27127 | Lair:3   | Found a staircase to the Swamp.
 27307 | Lair:3   | Reached skill level 5 in Dodging
 27700 | Lair:4   | Noticed a death yak
 27883 | Lair:4   | Noticed a death yak
 27885 | Lair:4   | Noticed a death yak
 27897 | Lair:4   | Killed a death yak
 27898 | Lair:4   | Reached skill level 1 in Evocations
 27922 | Lair:4   | Reached skill level 5 in Staves
 27967 | Lair:4   | Killed a death yak
 27968 | Lair:4   | Reached skill level 1 in Translocations
 27968 | Lair:4   | Reached XP level 13. HP: 83/102 MP: 2/26
 28796 | Lair:4   | Noticed Urug
 28808 | Lair:4   | Killed Urug
 29274 | Lair:4   | Found a runed translucent door.
 29275 | Lair:4   | Found a viscous altar of Jiyva.
 29276 | Lair:4   | Found a staircase to the Slime Pits.
 29788 | Lair:5   | Entered Level 5 of the Lair of Beasts
 29791 | Lair:5   | Reached ***** piety under Vehumet
 29791 | Lair:5   | Offered knowledge of Sticky Flame by Vehumet.
 31020 | Lair:5   | Learned a level 4 spell: Sticky Flame
 31954 | Lair:5   | Reached XP level 14. HP: 84/110 MP: 20/27
 32385 | Lair:5   | Found a corrupted altar of Lugonu.
 32684 | Lair:5   | Reached skill level 15 in Fire Magic
 33006 | Lair:5   | Reached skill level 1 in Maces & Flails
 34619 | Lair:5   | Found a one-way gate to the infinite horrors of the Abyss.
 35022 | Orc:1    | Entered Level 1 of the Orcish Mines
 35568 | Orc:1    | Noticed Erolcha
 35583 | Orc:1    | Killed Erolcha
 36084 | Orc:1    | Found Bicaguutz's Armour Shop.
 36121 | Orc:2    | Entered Level 2 of the Orcish Mines
 36127 | Orc:2    | Offered knowledge of Starburst by Vehumet.
 36514 | Orc:1    | Learned a level 6 spell: Starburst
 36759 | Orc:2    | Found a shimmering blue altar of Sif Muna.
 38802 | Orc:2    | Found a staircase to the Elven Halls.
 39559 | Orc:2    | Paralysed by an orc sorcerer for 3 turns
 40001 | Orc:2    | Noticed an orc warlord
 40026 | Orc:2    | Killed an orc warlord
 40733 | Orc:2    | Found Mogouxto's Antique Armour Boutique.
 40739 | Orc:2    | Found Besah's General Store.
 40750 | Orc:2    | Found Asmoarew's Jewellery Boutique.
 40751 | Orc:2    | Found Kiv Loc's Antique Weapon Shop.
 40765 | Orc:2    | Bought a scroll of identify for 28 gold pieces
 40766 | Orc:2    | Bought the ring of Moral Flaws {rPois rF+ Str+3 Stlth-} for
                  | 700 gold pieces
 41092 | D:12     | Offered knowledge of Orb of Destruction by Vehumet.
 41181 | D:12     | Reached skill level 10 in Spellcasting
 41181 | D:12     | Reached XP level 15. HP: 118/118 MP: 27/29
 43041 | D:12     | Got the Information on Heavy Shapes
 43469 | D:13     | Found a gate to the Vaults.
 43474 | D:13     | Reached XP level 16. HP: 110/129 MP: 20/30
 43480 | D:13     | Reached skill level 5 in Evocations
 44001 | D:13     | Learned a level 7 spell: Orb of Destruction
 44446 | D:14     | Found a runed translucent door.
 44571 | D:14     | Noticed Snorg
 44574 | D:14     | Killed Snorg
 44584 | D:14     | Noticed Rupert
 44589 | D:14     | Paralysed by Rupert for 4 turns
 44600 | D:14     | Killed Rupert
 46607 | D:14     | Found a runed translucent door.
 46630 | D:14     | Paralysed by an ogre mage for 4 turns
 47512 | D:15     | Entered Level 15 of the Dungeon
 47560 | D:15     | Offered knowledge of Spellforged Servitor by Vehumet.
 48629 | D:15     | Found a staircase to the Depths.
 48692 | D:15     | Found an ancient bone altar of Kikubaaqudgha.
 48692 | D:15     | Found a hazy altar of Hepliaklqana.
 48693 | D:15     | Found a hide-covered altar of Uskayaw.
 49247 | D:15     | Learned a level 4 spell: Passage of Golubria
 49262 | D:15     | Reached skill level 5 in Translocations
 50484 | D:15     | Reached XP level 17. HP: 84/137 MP: 26/33
 51277 | D:15     | Identified the +0 chain mail "Tesuxt" {rElec}
 51717 | D:15     | Learned a level 3 spell: Call Canine Familiar
 51908 | Spider:1 | Entered Level 1 of the Spider Nest
 52005 | Spider:1 | Reached skill level 1 in Summonings
 52864 | Spider:1 | Offered knowledge of Plasma Beam by Vehumet.
 52890 | Spider:1 | HP: 4/137 [ghost moth (11)]
 52894 | Spider:1 | Slain by a ghost moth

Illustrated notes

Levels and vault maps discovered:
D:1:      spicycebolla_green_bress_n_ham_2, layout_basic
D:2:      layout_basic, ebering_ecumenical_altar_sacrificial, basic_altar,
          uniq_robin, uniq_crazy_yiuf_cottage, uniq_terence
D:3:      layout_rooms, amethyst_overflow_temple_binary, serial_shops, shop
D:4:      layout_rooms, serial_bayou_ford_a, minmay_misc_feat_four_crosses,
          uniq_ijyb
D:5:      layout_gridville, nzn_wu_jian_contemplation
D:6:      layout_loops_ring, lemuel_crystal_altar, temple_statues,
          grunt_ministairs_13, minmay_misc_feat_doors,
          minmay_increasing_density, uniq_blork_the_orc, uniq_edmund,
          uniq_duvessa
D:7:      layout_layer_cave, nicolae_qazlal_style_of_elements
D:8:      layout_basic, serial_shops, shop, minmay_joined_circles, uniq_psyche
D:9:      layout_long_grid, nicolae_overflow_hidden_temple
D:10:     layout_roguey, amcnicky_altar_gilded, lemuel_tele_altar,
          lemuel_crystal_altar, minmay_lair_entry_lava, uniq_joseph
D:11:     layout_irregular_city, david_orc_1_choice,
          hellmonk_guarded_unrand_gyre_and_gimble, uniq_maurice
D:12:     cheibrodos_hippocracy, layout_loops_corners
D:13:     layout_cave_pools, lightli_vaults_fourway_checkpoint,
          amcnicky_mini_rare_corridor_liquid
D:14:     cheibrodos_histonic, layout_loops_cross, serial_park_square3
          [serial_park_minivault_5x5_7], uniq_rupert, uniq_snorg
D:15:     hangedman_slaughterboxes
Temple:   oiseaux_autumnal_temple
Lair:1:   layout_roguey, beast_lair_carwin_1, grunt_megastairs_3,
          serial_bayou_shore_a, infiniplex_staircase_pool, lemuel_fruit_tree
Lair:2:   layout_regular_city, nicolae_spider_entry_lesser_pyramids,
          serial_bayou, serial_bayou_pond_c, serial_bayou_pond_c,
          serial_bayou_pond_c, serial_bayou_shore_b,
          chequers_serial_rivers_micro_c, serial_bayou_pond_a,
          small_statue_intersection
Lair:3:   layout_misc_corridors, nicolae_swamp_entry_spooky
Lair:4:   layout_regular_city, slime_entry_2, uniq_urug
Lair:5:   hellmonk_lair_end_abyssal_woods, layout_hall_layers, st_stairs_7,
          roderic_batcave, wad_woods_road_05
Spider:1: nicolae_spider_mines_3
Orc:1:    layout_caves, serial_shops, nicolae_shop_back_alley_shop, uniq_erolcha
Orc:2:    st_orc_congregation, layout_caves, led_sif_book

Skill      XL: |  1  2  3  4  5  6  7  8  9 10 11 12 13 14 15 16 17 |
---------------+----------------------------------------------------+-----
Conjurations   | 5 6 8 9 11 12 14 15 16 17 | 17.2
Spellcasting   | 3 4 5 6 9 10 12 13 | 13.0
Fire Magic     | 3 8 10 12 14 16 17 | 17.0
Dodging        | 5 8 9 |  9.0
Staves         | 5 |  5.9
Fighting       | 6 7 8 9 |  9.0
Polearms       | 1 3 |  3.1
Evocations     | 1 3 4 6 |  6.0
Translocations | 1 3 5 6 |  6.0
Maces & Flails | 1 |  1.8
Summonings     | 4 |  4.0
Stealth        | |  1.7

Action                     |  1- 3 |  4- 6 |  7- 9 | 10-12 | 13-15 | 16-18 || total
---------------------------+-------+-------+-------+-------+-------+-------++-------
  Melee: Unarmed           |     5 |       |       |       |       |       ||     5
         Short sword       |    20 |     9 |    37 |     6 |       |       ||    72
         Punch             |     2 |       |       |     1 |       |       ||     3
         Tailslap          |     1 |       |     9 |     6 |     8 |     9 ||    33
         Spear             |       |       |       |    18 |       |       ||    18
         Pair of quick bla |       |       |       |     6 |       |       ||     6
         Trident           |       |       |       |    12 |    47 |    24 ||    83
         Quarterstaff      |       |       |       |     8 |     4 |       ||    12
         Staff             |       |       |       |       |     7 |     4 ||    11
   Cast: Magic Dart        |    61 |    81 |    44 |    15 |       |       ||   201
         Searing Ray       |    16 |    36 |    19 |       |       |       ||    71
         Fulminant Prism   |       |       |     8 |    10 |       |       ||    18
         Iskenderun's Myst |       |       |    11 |    36 |    21 |    23 ||    91
         Flame Wave        |       |       |     6 |    39 |    28 |     3 ||    76
         Scorch            |       |       |    39 |   143 |   271 |   143 ||   596
         Foxfire           |       |       |       |   137 |   214 |    44 ||   395
         Volatile Blastmot |       |       |       |    22 |    53 |    48 ||   123
         Inner Flame       |       |       |       |     2 |     7 |     6 ||    15
         Sticky Flame      |       |       |       |       |    40 |    35 ||    75
         Starburst         |       |       |       |       |    29 |    87 ||   116
         Orb of Destructio |       |       |       |       |       |    10 ||    10
         Call Canine Famil |       |       |       |       |       |     7 ||     7
         Passage of Golubr |       |       |       |       |       |     3 ||     3
Ability: Breathe Fire      |       |       |    17 |    39 |    17 |    10 ||    83
  Evoke: Wand              |       |       |     5 |     1 |     8 |     1 ||    15
         Phantom mirror    |       |       |       |       |       |     1 ||     1
    Use: Scroll            |     3 |     8 |     4 |    15 |    19 |     5 ||    54
         Potion            |     1 |       |     2 |     3 |    11 |     9 ||    26
   Stab: Distracted        |       |       |       |     1 |       |       ||     1
 Armour: Skin              |    17 |     8 |    34 |    55 |   120 |    90 ||   324
  Dodge: Dodged            |    29 |    31 |    39 |    86 |   189 |   181 ||   555

Table legend: (Time is in decaauts)
 A = Elapsed time spent in this place.
 B = Non-inter-level travel time spent in this place.
 C = Inter-level travel time spent in this place.
 D = Time resting spent in this place.
 E = Time spent auto-exploring this place.
 F = Levels seen in this place.
 G = Mean time per level.
                   A        B        C        D        E       F      G
               +--------+--------+--------+--------+--------+-----+--------+
         Total |  52943 |  50942 |   2001 |  28445 |  15312 |  24 | 2206.0 |
       Dungeon |  34015 |  32593 |   1422 |  17564 |  11101 |  15 | 2267.7 |
        Temple |    143 |    112 |     31 |      0 |     98 |   1 |  143.0 |
          Lair |  12107 |  11652 |    455 |   6330 |   3328 |   5 | 2421.4 |
   Spider Nest |    987 |    987 |      0 |    672 |     82 |   1 |  987.0 |
  Orcish Mines |   5689 |   5597 |     92 |   3878 |    703 |   2 | 2844.5 |
               +--------+--------+--------+--------+--------+-----+--------+

Top non-repeatable levels by time:
    D:15: 4243 daAuts
  Lair:5: 4053 daAuts
  Lair:4: 3197 daAuts
    D:12: 3061 daAuts
     D:9: 2980 daAuts
   Orc:2: 2950 daAuts
     D:2: 2874 daAuts
     D:1: 2763 daAuts
   Orc:1: 2739 daAuts
    D:14: 2439 daAuts
     D:7: 2242 daAuts
     D:8: 2045 daAuts
    D:10: 1894 daAuts
    D:11: 1890 daAuts
  Lair:3: 1852 daAuts
